 Dungeon Crawl Stone Soup version 0.29-a0-1006-g0dd7720b37 (webtiles) character file.

Game seed: 15279579547724473142

45 concernfroge the Trooper (level 3, -3/31 HPs)
             Began as a Mummy Monk on Aug 6, 2022.
             Slain by an adder (4 damage)
             ... on level 1 of the Dungeon.
             The game lasted 00:02:42 (1653 turns).

concernfroge the Trooper (Mummy Monk)               Turns: 1653, Time: 00:02:43

Health: -3/31      AC:  5    Str: 16    XL:     3   Next: 42%
Magic:  3/3        EV: 11    Int:  9    God:
Gold:   108        SH:  0    Dex: 14    Spells: 2/2 levels left

rFire   x . .      SeeInvis .   a - +0 spear
rCold   + . .      Faith    .   (no shield)
rNeg    + + +      Spirit   .   b - +0 ring mail
rPois   ∞          Reflect  .   (no helmet)
rElec   .          Harm     .   (no cloak)
rCorr   +          Rampage  .   (no gloves)
Will    .....                   (no boots)
Stlth   +.........              (no amulet)
HPRegen 0.10/turn               d - ring of resist corrosion
MPRegen 0.08/turn               (no ring)

@: slowed, very slow
A: cold resistance 1, negative energy resistance 3, torment resistance 2, heat
vulnerability 1, in touch with death 1, no potions
a: no special abilities


You were on level 1 of the Dungeon.
You visited 1 branch of the dungeon, and saw 2 of its levels.

You collected 108 gold pieces.

Inventory:

Hand Weapons
 a - a +0 spear (weapon)
Armour
 b - a +0 ring mail (worn)
Jewellery
 d - a ring of resist corrosion (left hand)
Scrolls
 e - a scroll of immolation
 f - 2 scrolls of enchant weapon
 g - a scroll of enchant armour


   Skills:
 + Level 4.5 Fighting
 - Level 2.4 Polearms
 - Level 2.4 Dodging
 - Level 1.5 Stealth


You had 2 spell levels left.
You didn't know any spells.
Your spell library was empty.

Dungeon Overview and Level Annotations

Branches:
Dungeon (2/15)

Altars:


Innate Abilities, Weirdness & Mutations

You are immune to poison.
Your flesh is cold resistant. (rC+)
You are immune to negative energy. (rN+++)
You are immune to unholy pain and torment.
You are vulnerable to heat. (rF-)
You are in touch with the powers of death.
You do not drink.


Message History

Okay, then.
You aren't carrying any items that you can evoke.
Okay, then.
You hit Natasha.
Natasha is heavily wounded.
Natasha claws you.
Natasha casts a spell.
You barely miss Natasha.
Natasha is heavily wounded.
Natasha casts a spell at you. The magic dart hits you.
You hit Natasha.
Natasha is severely wounded.
Natasha casts a spell.
Natasha stares at you and mumbles some strange words.
The magic dart hits you.
* * * LOW HITPOINT WARNING * * *
You hit Natasha.
You kill Natasha!
Natasha screams in fury as she dies!
The shadow imp disappears in a puff of smoke!
The crimson imp disappears in a puff of smoke!
The white imp disappears in a puff of smoke!
The adder closely misses you.
Your Fighting skill increases to level 4!
You have reached level 3!
Your experience leads to an increase in your attributes!
Increase (S)trength, (I)ntelligence, or (D)exterity?
You feel stronger. x2
You feel more in touch with the powers of death.
Okay, then.
You hit the adder but do no damage. The adder bites you.
* * * LOW HITPOINT WARNING * * *
The adder closely misses you.
You hit the adder.
The adder is moderately wounded.
The adder bites you.
* * * LOW HITPOINT WARNING * * *
The adder bites you.
You die...

......##### ##.# ####.. ..♣♣###
#####..##########..... ♣♣♣
#..................... ####
#.########...#........ ...# #.#
####...#.##..=.# ##.# #.#
#.....##.##....# #.#########.#
#.....##.##....#
##.#.........#####.....##.##....#
.#.#.......†>..S@................
.#.#.......†...###.....##.#######
.#.#...........# #.....##.#######
.#.#...........# ########.#....#
.#.#.........########## #.#....##
.#.#.........###......# #.......#
.#.#................#.# ###.....#
.#.#########.###.##.#.# #......
.#.# ##....##.#.# ##..)...


You could see an adder.

Vanquished Creatures
  Natasha (D:1)
  A dart slug (D:1)
  3 bats (D:1)
  2 giant cockroaches (D:1)
  A goblin (D:1)
  2 hobgoblins (D:1)
  2 kobolds (D:1)
  A quokka (D:1)
  2 ball pythons (D:1)
  2 frilled lizards (D:1)
  A rat (D:1)
18 creatures vanquished.

Notes
Turn   | Place    | Note
-------+----------+-------------------------------------------
     0 | D:1      | concernfroge the Mummy Monk began the quest for the Orb.
     0 | D:1      | Reached XP level 1. HP: 18/18 MP: 1/1
   130 | D:1      | Found a faded altar of an unknown god.
   731 | D:1      | Reached XP level 2. HP: 24/24 MP: 2/2
  1535 | D:2      | Noticed Natasha
  1649 | D:1      | Noticed a crimson imp
  1651 | D:1      | Killed Natasha
  1652 | D:1      | Reached skill level 4 in Fighting
  1652 | D:1      | Gained mutation: You are in touch with the powers of death.
                  | [Mummy growth]
  1652 | D:1      | Reached XP level 3. HP: 7/31 MP: 3/3
  1653 | D:1      | HP: 1/31 [adder (3)]
  1653 | D:1      | Slain by an adder

Illustrated notes

Levels and vault maps discovered:
D:1:      sevenhm_arrival_forest_fort_large_2, layout_basic,
          shapermc_ecumenical_altar_pompeii
D:2:      layout_basic, uniq_natasha, uniq_sigmund

Skill      XL: |  1  2 |
---------------+-------+-----
Fighting       | 4 |  4.5
Polearms       | |  2.4
Dodging        | |  2.4
Stealth        | |  1.5

Action                   || total
-------------------------++-------
Melee: Spear             ||    76
  Use: Scroll            ||     4
 Stab: Sleeping          ||     2
Armor: Robe              ||     9
       Leather armour    ||     2
       Ring mail         ||     8
Dodge: Dodged            ||    38

Table legend: (Time is in decaauts)
 A = Elapsed time spent in this place.
 B = Non-inter-level travel time spent in this place.
 C = Inter-level travel time spent in this place.
 D = Time resting spent in this place.
 E = Time spent auto-exploring this place.
 F = Levels seen in this place.
 G = Mean time per level.
                   A        B        C        D        E       F      G
               +--------+--------+--------+--------+--------+-----+--------+
         Total |   1668 |   1623 |     45 |     91 |   1339 |   2 |  834.0 |
       Dungeon |   1668 |   1623 |     45 |     91 |   1339 |   2 |  834.0 |
               +--------+--------+--------+--------+--------+-----+--------+

Top non-repeatable levels by time:
     D:1: 1652 daAuts
     D:2: 15 daAuts
